 Dungeon Crawl Stone Soup version 0.18.1-50-g88ac8fd (console) character file.

58141 Kloppie the Bludgeoner (level 14, -20/219 HPs)
             Began as a Troll Berserker on Oct 29, 2016.
             Was the Champion of Trog.
             Demolished by an orc warrior
             ... wielding a +0 trident
              (26 damage)
             ... on level 2 of the Orcish Mines.
             The game lasted 00:47:27 (22150 turns).

Kloppie the Bludgeoner (Troll Berserker)           Turns: 22150, Time: 00:47:27

Health: -20/219    AC: 12    Str: 33    XL:     14   Next: 48%
Magic:  0/13       EV: 15    Int:  3    God:    Trog [******]
Gold:   1988       SH:  0    Dex: 13    Spells: 0 memorised, 13 levels left

rFire  + . .     SeeInvis .     a - +0 giant club
rCold  . . .     Gourm    +     M - +2 robe {MR+}
rNeg   . . .     Faith    .     (shield currently unavailable)
rPois  .         Spirit   +     (helmet restricted)
rElec  .         Dismiss  .     W - +2 cloak
rCorr  .         Reflect  .     (gloves unavailable)
SustAt .         Harm     .     (boots unavailable)
MR     ++++.                    e - amulet of guardian spirit
Stlth  ..........               (no ring)
                                G - ring of protection from fire (curse)

@: berserking, regenerating, very quick, incredibly resistant to hostile
enchantments, extremely unstealthy
A: unfitting armour, claws 3, slimy green scales 1, fast metabolism 3, gourmand,
regeneration 2, shaggy fur 1, tough skin 2
a: Berserk, Trog's Hand, Brothers in Arms, Burn Spellbooks, Renounce Religion


You were on level 2 of the Orcish Mines.
You worshipped Trog.
Trog was exalted by your worship.
You were completely stuffed.

You visited 3 branches of the dungeon, and saw 23 of its levels.
You also visited: Labyrinth and Bailey.

You collected 2854 gold pieces.
You spent 866 gold pieces at shops.

Inventory:

Hand Weapons
 a - a +0 giant club (weapon)
 k - a +0 giant spiked club
 x - a +1 great mace of venom
 E - a +2 great mace of protection
 U - a +1 great mace of holy wrath
Missiles
 p - 4 large rocks (quivered)
Armour
 l - a +1 robe of magic resistance
 L - a +0 troll leather armour
 M - a +2 robe of magic resistance (worn)
 W - a +2 cloak (worn)
Jewellery
 e - an amulet of guardian spirit (around neck)
 h - an uncursed ring of protection from magic
 q - an uncursed ring of sustain attributes
 B - a +3 ring of evasion
 G - a cursed ring of protection from fire (left claw)
 J - a +5 amulet of reflection
Wands
 m - a wand of flame (33/48)
 C - a wand of disintegration (10/24)
 F - a wand of digging (21/24)
 V - a wand of paralysis (18/24)
Scrolls
 i - 7 scrolls of remove curse
 j - 4 scrolls of magic mapping
 t - a scroll of recharging
 y - 3 scrolls of teleportation
 A - 6 scrolls of fog
 D - 10 scrolls of identify
Potions
 d - 4 potions of might
 g - a potion of invisibility
 r - 5 potions of curing
 u - a potion of heal wounds
 v - 2 potions of flight
 z - 7 potions of haste
 H - a potion of cancellation
 I - 3 potions of brilliance
Miscellaneous
 w - a box of beasts
Comestibles
 b - 26 fruits
 c - 8 bread rations
 f - 6 beef jerkies
 n - 12 meat rations
 o - 10 chunks of flesh
 s - 8 slices of pizza
 K - 3 royal jellies


   Skills:
 - Level 11.6 Fighting
 + Level 16.2 Maces & Flails
 + Level 10.8 Dodging


You had 13 spell levels left.
You didn't know any spells.

Dungeon Overview and Level Annotations

Branches:
Dungeon (14/15)            Temple (0/1) D:6            Lair (7/8) D:8
  Swamp (0/4) Lair:4       Spider (0/4) Lair:6        Slime (0/6) Lair:6
    Orc (2/2) D:12            Elf (0/3) Orc:2        Vaults (0/5) D:13

Altars:
Ashenzari
Dithmenos
Gozag
Okawaru
Trog
Beogh
Jiyva

Shops:
D:5 (   D:10 ?*=}   Orc:2 :}%%

Portals:
Trove: D:11 (lose all piety)

Annotations:
Orc:2 exclusion: oklob plant


Innate Abilities, Weirdness & Mutations

You are too large for most types of armour.
You have claws for hands.
Your metabolism is lightning-fast.
You like to eat raw meat.
You heal very quickly.
You are covered in fur (AC +1).
You have very tough skin (AC +2).
You are partially covered in slimy green scales (AC +2).


Message History

* * * LOW HITPOINT WARNING * * *
The orc barely misses you. The orc misses you.
You completely miss the ogre.
The ogre is severely wounded.
The ogre hits you with a giant club!
* * * LOW HITPOINT WARNING * * *
You bludgeon the ogre!!
You feel the power of Trog in you as your rage grows.
You kill the ogre!
Trog accepts your kill. The orc warrior completely misses you.
The troll misses you. The troll closely misses you. The troll claws you.
* * * LOW HITPOINT WARNING * * *
The orc barely misses you. The orc closely misses you.
Items here: )) [ รท a giant club; a robe; a dagger of holy wrath; an orc skeleton You feel a strong urge to attack something.
The orc warrior hits you from afar with a trident!!
You die...

.....#.......#.#....##
..............#.#...#
.........#<..#.....##
..#..........#......##
......##.............#
.................)#.##
..............##oT###
............####)oo#
.............#.#@..##
....##..............#
....................##
.......[.............#
.......)............##
............#........#
.................##.##
......#...........###
.......#...........#


You could see a troll, an orc warrior and 2 orcs.

Vanquished Creatures
  The ghost of mishamorgan the Earth Mage, a journeyman GrEE of Okawaru (Lair:6)
  A minotaur (Lab)
  5 vault guards (D:13)
  3 hydras
  Harold (Lair:4)
  An ogre mage (D:13)
  2 tengu warriors (D:14)
  A deep elf knight (D:13)
  An orc high priest (Orc:2)
  Nergalle (D:10)
  An orc knight (D:12)
  4 hill giants
  A griffon (D:13)
  A manticore (D:11)
  A deep elf mage (D:11)
  5 orc sorcerers
  2 ugly things (D:13)
  6 elephants
  2 torpor snails (Lair:7)
  4 black mambas
  2 gargoyles (D:13)
  11 spiny frogs
  9 komodo dragons
  A rime drake (Lair:7)
  A tengu conjurer (D:13)
  3 trolls
  A merfolk (D:11)
  A boulder beetle (Lair:5)
  29 blink frogs
  2 wyverns
  A redback (Lair:6)
  25 yaks
  A basilisk (Lair:6)
  3 hungry ghosts
  9 hippogriffs
  2 wargs
  9 porcupines
  11 water moccasins
  22 orc warriors
  A sky beast (D:6)
  2 black bears
  A necrophage (D:11)
  3 ice beasts
  4 phantoms
  9 ogres
  22 wolves
  10 centaurs
  14 crocodiles
  2 big kobolds
  20 giant frogs
  A water moccasin skeleton (D:9)
  4 scorpions
  3 wights (D:11)
  A troll skeleton (Lab)
  A spriggan skeleton (Lab)
  3 electric eels
  A howler monkey (D:9)
  4 crimson imps
  3 giant frog zombies
  2 quasits
  3 centaur zombies
  A jelly (D:13)
  4 hounds
  3 gnoll shamans (D:4)
  26 orc priests
  A giant frog skeleton (D:13)
  6 centaur skeletons
  14 iguanas
  32 orc wizards
  8 worker ants
  2 sheep (Lair:6)
  2 ogre skeletons (Lab)
  2 howler monkey zombies
  A howler monkey skeleton (D:9)
  42 gnolls
  6 adders
  84 river rats
  3 shadow imps
  An adder skeleton (D:4)
  2 worms
  3 dart slugs
  6 giant geckos
  80 orcs
  8 giant cockroaches
  10 goblins
  A hobgoblin (D:1)
  17 jackals (D:4)
  6 quokkas
  A ball python (D:1)
  7 bats
  3 giant newts
  A jackal skeleton (D:4)
  22 kobolds
  3 rats
709 creatures vanquished.

Vanquished Creatures (others)
  2 orc wizards (Orc:2)
  An orc (Orc:2)
  A kobold (D:11)
  A fire vortex (Lair:1)
  5 fungi
  3 plants
13 creatures vanquished.

Grand Total: 722 creatures vanquished

Notes
Turn   | Place    | Note
--------------------------------------------------------------
     0 | D:1      | Kloppie the Troll Berserker began the quest for the Orb.
     0 | D:1      | Reached XP level 1. HP: 22/22 MP: 0/0
   129 | D:1      | Reached XP level 2. HP: 22/29 MP: 1/1
   311 | D:1      | Reached skill level 3 in Maces & Flails
   676 | D:2      | Found an iron altar of Okawaru.
   724 | D:2      | Reached XP level 3. HP: 36/36 MP: 2/2
  1245 | D:3      | Reached ** piety under Trog
  1295 | D:3      | Found a shadowy altar of Dithmenos.
  1434 | D:3      | Reached XP level 4. HP: 41/45 MP: 3/3
  1892 | D:4      | Reached skill level 4 in Maces & Flails
  1892 | D:4      | Reached XP level 5. HP: 23/54 MP: 4/4
  2173 | D:4      | Noticed a centaur
  2184 | D:4      | Killed a centaur
  2184 | D:4      | Reached XP level 6. HP: 34/63 MP: 5/5
  2240 | D:4      | Reached skill level 5 in Maces & Flails
  2405 | D:4      | Reached *** piety under Trog
  2531 | D:4      | Reached XP level 7. HP: 47/71 MP: 4/6
  2694 | D:4      | Reached skill level 5 in Fighting
  3172 | D:4      | Reached skill level 6 in Maces & Flails
  3644 | D:5      | Entered Level 5 of the Dungeon
  3704 | D:5      | Reached XP level 8. HP: 83/83 MP: 7/7
  3830 | D:5      | Reached **** piety under Trog
  4345 | D:5      | Found Sucw's Weapon Shop.
  4391 | D:5      | Reached skill level 7 in Maces & Flails
  4429 | D:5      | Identified a scroll of acquirement
  4791 | D:6      | Found a staircase to the Ecumenical Temple.
  4851 | D:6      | Found an opulent altar of Gozag.
  5006 | D:6      | Found a bloodstained altar of Trog.
  5029 | D:7      | Reached skill level 8 in Maces & Flails
  5284 | D:7      | Reached XP level 9. HP: 91/91 MP: 8/8
  5340 | D:7      | Found a shattered altar of Ashenzari.
  5826 | D:8      | Found a staircase to the Lair.
  5969 | D:8      | Identified a -3 rod of inaccuracy (10/10) (You found it on level 6 of the Dungeon)
  6059 | D:8      | Reached skill level 5 in Dodging
  6685 | D:9      | Reached skill level 9 in Maces & Flails
  6958 | D:9      | Noticed a hill giant
  6964 | D:9      | Killed a hill giant
  7014 | D:10     | Entered Level 10 of the Dungeon
  7123 | D:10     | Noticed a hill giant
  7126 | D:10     | Noticed Nergalle
  7130 | D:10     | Killed a hill giant
  7130 | D:10     | Reached XP level 10. HP: 100/100 MP: 7/9
  7139 | D:10     | Killed Nergalle
  7139 | D:10     | Reached skill level 10 in Maces & Flails
  7177 | D:10     | Found Ysui's General Store.
  7188 | D:10     | Bought a potion of degeneration for 12 gold pieces
  7247 | D:10     | Found Witof's Magic Scroll Boutique.
  7251 | D:10     | Bought a scroll of identify for 28 gold pieces
  7251 | D:10     | Bought 3 scrolls of identify for 84 gold pieces
  7293 | D:10     | Found Uproiw's Jewellery Emporium.
  7317 | D:10     | Bought a cursed ring of teleportation for 67 gold pieces
  7317 | D:10     | Bought a +3 ring of evasion for 315 gold pieces
  7344 | D:10     | Found Yteuppuo's Gadget Boutique.
  7427 | D:10     | Reached ***** piety under Trog
  7690 | D:10     | Noticed a hill giant
  7710 | D:10     | Killed a hill giant
  7960 | Lair:1   | Entered Level 1 of the Lair of Beasts
  7960 | Lair:1   | Noticed a spiny frog
  7964 | Lair:1   | Killed a spiny frog
  8222 | D:11     | Reached skill level 11 in Maces & Flails
  8437 | D:11     | Found a portal to a secret trove of treasure.
  8451 | D:11     | Noticed a deep elf mage
  8677 | Lair:1   | Reached XP level 11. HP: 93/106 MP: 10/10
  9061 | Lair:1   | HP: 5/160 [yak (14)]
 10198 | Lair:2   | Reached skill level 12 in Maces & Flails
 10408 | Lair:2   | Received a gift from Trog
 11577 | Lair:2   | Noticed an eight-headed hydra
 11588 | Lair:2   | Killed an eight-headed hydra
 11588 | Lair:2   | Reached XP level 12. HP: 122/122 MP: 8/11
 11712 | Lair:3   | HP: 8/184 [blink frog (16)]
 11904 | Lair:2   | Reached skill level 13 in Maces & Flails
 12281 | Lair:3   | Received a gift from Trog
 12396 | Lair:3   | Gained mutation: You are partially covered in slimy green scales (AC +2). [potion of beneficial mutation]
 13047 | Lair:4   | Noticed Harold
 13074 | Lair:4   | Killed Harold
 13355 | Lair:4   | Found a staircase to the Swamp.
 13522 | Lair:4   | You fall through a shaft!
 13868 | Lair:5   | Reached skill level 10 in Fighting
 14510 | Lair:6   | Found a viscous altar of Jiyva.
 14563 | Lair:6   | Found a staircase to the Slime Pits.
 14707 | Lair:6   | Noticed mishamorgan's ghost (journeyman GrEE)
 14720 | Lair:6   | Killed mishamorgan's ghost
 14720 | Lair:6   | Reached skill level 14 in Maces & Flails
 14853 | Lair:6   | Found a hole to the Spider Nest.
 15188 | Lair:6   | Reached XP level 13. HP: 135/135 MP: 12/12
 15808 | Lair:7   | Received a gift from Trog
 16044 | Lair:7   | Found a labyrinth entrance.
 16056 | Lab      | Entered a labyrinth
 16319 | Lab      | Noticed a minotaur
 16329 | Lab      | Killed a minotaur
 16332 | Lab      | Got an uncursed bloodstained shortbow {flame}
 16683 | Lair:7   | Found a runed door.
 17121 | Lair:7   | Reached skill level 15 in Maces & Flails
 17405 | Lair:7   | Received a gift from Trog
 18626 | D:12     | Found a staircase to the Orcish Mines.
 19239 | D:13     | Reached ****** piety under Trog
 19271 | D:13     | Noticed a vault guard
 19271 | D:13     | Noticed a vault guard
 19288 | D:13     | Noticed a vault guard
 19353 | D:13     | Killed a vault guard
 19397 | D:13     | Killed a vault guard
 19413 | D:13     | Found a gate to the Vaults.
 19413 | D:13     | Noticed a vault guard
 19414 | D:13     | Noticed a vault guard
 19424 | D:13     | Killed a vault guard
 19424 | D:13     | Reached XP level 14. HP: 145/145 MP: 10/13
 19603 | D:13     | Reached skill level 10 in Dodging
 19680 | D:13     | Found a flagged portal.
 19706 | Bailey   | Entered a bailey
 19756 | Bailey   | Found a bloodstained altar of Trog.
 19817 | Bailey   | Received a gift from Trog
 20543 | Orc:1    | Entered Level 1 of the Orcish Mines
 21009 | Orc:2    | Entered Level 2 of the Orcish Mines
 21009 | Orc:2    | Found a roughly hewn altar of Beogh.
 21137 | Orc:1    | Reached skill level 16 in Maces & Flails
 21665 | Orc:2    | Found Kuirghy's Book Shoppe.
 21665 | Orc:2    | Found Otodwuri's Gadget Shoppe.
 21666 | Orc:2    | Found Ugiahap's Food Emporium.
 21669 | Orc:2    | Found Egganiomm's Food Emporium.
 21677 | Orc:2    | Bought a box of beasts for 360 gold pieces
 21763 | Orc:2    | Found a staircase to the Elven Halls.
 22067 | Orc:1    | Noticed an orc warlord
 22147 | Orc:2    | HP: 5/219 [ogre/giant club[an orc warlord] (8)]
 22150 | Orc:2    | Demolished by an orc warrior

Skill      XL: |  1  2  3  4  5  6  7  8  9 10 11 12 13 14 |
---------------+-------------------------------------------+-----
Maces & Flails | 3 4 5 6 8 9 11 12 14 15 16 | 16.2
Fighting       | 3 4 5 6 8 10 11 | 11.6
Dodging        | 4 6 8 9 10 | 10.8

Action                   |  1- 3 |  4- 6 |  7- 9 | 10-12 | 13-15 || total
-------------------------+-------+-------+-------+-------+-------++-------
Melee: Mace              |   144 |   183 |   205 |       |       ||   532
       Flail             |       |       |   369 |  1103 |   454 ||  1926
       Dire flail        |       |       |       |       |   355 ||   355
       Giant club        |       |       |       |       |   193 ||   193
       Eveningstar       |       |       |       |       |   144 ||   144
Throw: Large rock        |       |       |       |     2 |       ||     2
Invok: Berserk           |     1 |     2 |     8 |    13 |    12 ||    36
       Trog's Hand       |       |     2 |     8 |     9 |    11 ||    30
  Use: Scroll            |       |     1 |    16 |    11 |     6 ||    34
       Potion            |       |       |       |     1 |     4 ||     5
 Stab: Sleeping          |       |       |       |     4 |       ||     4
       Distracted        |       |       |       |     1 |       ||     1
  Eat: Chunk             |    20 |    12 |    57 |    93 |    77 ||   259
       Meat ration       |       |       |     1 |       |       ||     1
       Royal jelly       |       |       |     1 |       |       ||     1
       Beef jerky        |       |       |     1 |       |       ||     1
Armor: Animal skin       |    63 |   102 |    96 |       |       ||   261
       Robe              |       |       |   148 |   187 |    15 ||   350
       Troll hide        |       |       |       |    48 |   105 ||   153
       Troll leather arm |       |       |       |       |   329 ||   329
Dodge: Dodged            |   101 |   153 |   374 |   846 |   964 ||  2438
